 Dungeon Crawl Stone Soup version 0.29-a0-1019-g84f7d21838 (webtiles) character file.

Game seed: 2996357135265760485

6778 testman the Protected (level 11, -5/89 HPs)
             Began as a Formicid Hunter on Aug 10, 2022.
             Was an Elder of Fedhas.
             Slain by a wyvern (14 damage)
             ... on level 8 of the Dungeon.
             The game lasted 00:36:41 (14504 turns).

testman the Protected (Formicid Hunter)            Turns: 14504, Time: 00:36:42

Health: -5/89      AC: 10    Str: 15    XL:     11   Next: 25%
Magic:  17/17      EV: 10    Int: 16    God:    Fedhas [****..]
Gold:   400        SH:  7    Dex: 23    Spells: 10/10 levels left

rFire   . . .      SeeInvis +   a - +0 shortbow
rCold   . . .      Faith    .   s - +0 buckler
rNeg    + . .      Spirit   .   n - +1 scale mail of Vanity {Fly rElec rN+ Dex+2}
rPois   .          Reflect  .   (helmet unavailable)
rElec   +          Harm     .   (no cloak)
rCorr   +          Rampage  .   f - +0 pair of gloves
Will    +....                   (no boots)
Stlth   +.........              A - amulet of the acrobat
HPRegen 0.24/turn               F - ring of resist corrosion
MPRegen 0.15/turn               C - +6 ring of intelligence

@: flying, studying Armour
A: permanent stasis, dig shafts and tunnels, antennae 3, four strong arms
a: Dig, Shaft Self, Renounce Religion, Wall of Briars, Grow Ballistomycete,
Overgrow


You were on level 8 of the Dungeon.
You worshipped Fedhas.
Fedhas was greatly pleased with you.
You visited 1 branch of the dungeon, and saw 9 of its levels.

You collected 442 gold pieces.
You spent 42 gold pieces at shops.

Inventory:

Hand Weapons
 a - a +0 shortbow (weapon)
Missiles
 c - 2 throwing nets
Armour
 f - a +0 pair of gloves (worn)
 n - the +1 scale mail of Vanity (worn) {Fly rElec rN+ Dex+2}
   (You found it on level 2 of the Dungeon)

   Dex:       It affects your dexterity (+2).
   rElec:     It insulates you from electricity.
   rN:        It protects you from negative energy.
   Fly:       It grants you flight.
 s - a +0 buckler (worn)
Jewellery
 k - a ring of ice
 t - an amulet of reflection
 A - an amulet of the acrobat (around neck)
 C - a +6 ring of intelligence (right hand)
 F - a ring of resist corrosion (left hand)
Wands
 x - a wand of iceblast (10)
 y - a wand of polymorph (11)
 G - a wand of paralysis (12)
Scrolls
 b - 3 scrolls of immolation
 h - a scroll of vulnerability {unknown}
 l - 2 scrolls of blinking
 q - 2 scrolls of fog
 u - 2 scrolls of enchant armour {unknown}
 v - 7 scrolls of teleportation {unknown}
 w - a scroll of amnesia {unknown}
 D - a scroll of brand weapon {unknown}
 E - a scroll of enchant weapon {unknown}
Potions
 d - a potion of lignification {unknown}
 i - a potion of berserk rage
 j - a potion of attraction
 m - 3 potions of mutation
 p - a potion of haste {unknown}
 r - 2 potions of curing
 z - a potion of cancellation {unknown}
 B - 2 potions of brilliance {unknown}
 H - a potion of flight {unknown}


   Skills:
 + Level 9.0 Fighting
 + Level 9.0 Ranged Weapons
 + Level 9.3 Armour
 - Level 1.7 Dodging
 - Level 1.2 Stealth
 + Level 8.9 Shields
 + Level 8.8 Invocations


You had 10 spell levels left.
You didn't know any spells.
Your spell library contained the following spells:

 Spells                   Type           Power      Damage    Failure   Level
 Summon Guardian Golem    Hex/Summ       0%         N/A       95%         3
 Orb of Destruction       Conj           0%         9d5       100%        7
 Spellforged Servitor     Conj/Summ      0%         N/A       100%        7


Dungeon Overview and Level Annotations

Branches:
Dungeon (9/15)             Temple (0/1) D:4            Lair (0/5) D:8
    Orc (0/2) D:9

Altars:
Elyvilon
Fedhas
Makhleb
Okawaru
Qazlal
Yredelemnul
Zin
The Shining One

Shops:
D:5 :   D:6 !

Annotations:
D:3 2 transporters, Buttons840's ghost, amateur MiBe
D:9 1 runed translucent door, Balder's ghost, novice MiFi


Innate Abilities, Weirdness & Mutations

You cannot be hasted, slowed, berserked, paralysed or teleported.
You can dig through walls and to a lower floor.
You have a pair of large antennae on your head. (SInv)
Your four strong arms can wield two-handed weapons with a shield.


Message History

The wyvern bites you.
* * * LOW HITPOINT WARNING * * *
You block the wyvern's attack.
Fire: a) +0 shortbow
Press: ? - help, Q - select action, (/) - cycle Shift-Dir - straight line, f/p - wyvern
Aim: a wyvern (heavily wounded, 71% to hit)
You shoot an arrow. The arrow hits the wyvern.
The wyvern is heavily wounded.
The wyvern barely misses you.
The wyvern bites you but does no damage.
Fire: a) +0 shortbow
Press: ? - help, Q - select action, (/) - cycle Shift-Dir - straight line, f/p - wyvern
Aim: a wyvern (heavily wounded, 71% to hit)
You shoot an arrow. The arrow closely misses the wyvern.
You block the wyvern's attack. The wyvern closely misses you.
Unknown command.
Fire: a) +0 shortbow
Press: ? - help, Q - select action, (/) - cycle Shift-Dir - straight line, f/p - wyvern
Aim: a wyvern (heavily wounded, 71% to hit)
You shoot an arrow. The arrow hits the wyvern!
The wyvern is almost dead.
The wyvern bites you.
* * * LOW HITPOINT WARNING * * *
The wyvern barely misses you.
Fire: a) +0 shortbow
Press: ? - help, Q - select action, (/) - cycle Shift-Dir - straight line, f/p - wyvern
Aim: a wyvern (almost dead, 71% to hit)
You shoot an arrow.
The arrow hits the wyvern but does no damage.
The wyvern is almost dead.
The wyvern bites you!
* * * LOW HITPOINT WARNING * * *
The wyvern bites you but does no damage.
Fire: a) +0 shortbow
Press: ? - help, Q - select action, (/) - cycle Shift-Dir - straight line, f/p - wyvern
Aim: a wyvern (almost dead, 71% to hit)
You shoot an arrow. The arrow closely misses the wyvern.
The wyvern bites you!
You die...
Fedhas appreciates your contribution to the ecosystem.

#......##.........#
##......##.........#
......o..#.#.....###
.........#.#.....#
...........#.....#
....#####..#.....#
...## #...>......#
...# #....#####l#
...# #....#<# #@#
#### #..).#.# #.#
#....#.# #.#
#....#.# #.#
#....#.# #.#
######)#
#.############# #.#
#.............#
#)###############.#
#............# #.#


You could see a wyvern.

Vanquished Creatures
  Maggie (D:7)
  2 wyverns (D:7)
  7 yaks
  2 basilisks (D:8)
  A steam dragon (D:8)
  A vampire mosquito (D:8)
  Menkaure (D:7)
  2 water moccasins
  4 orc warriors
  An ice beast (D:5)
  A sky beast (D:6)
  5 ogres
  A black bear (D:6)
  3 centaurs
  Blork the orc (D:6)
  A phantom (D:6)
  A kobold brigand (D:8)
  5 bullfrogs
  3 gnoll sergeants
  A necrophage (D:5)
  9 wights
  14 killer bees
  4 howler monkeys (D:8)
  2 hounds
  6 jellies
  6 orc priests
  7 iguanas
  7 orc wizards
  Robin (D:2)
  4 gnolls
  5 adders
  5 white imps
  A worm (D:5)
  2 dart slugs
  38 orcs
  5 ball pythons
  6 endoplasms
  2 giant cockroaches
  14 goblins
  11 hobgoblins
  2 jackals (D:2)
  2 quokkas
  4 bats
  3 frilled lizards (D:1)
  10 kobolds
  7 rats
221 creatures vanquished.

Vanquished Creatures (others)
  A fungus (D:8)
  2 plants (D:8)
3 creatures vanquished.

Grand Total: 224 creatures vanquished

Notes
Turn   | Place    | Note
-------+----------+-------------------------------------------
     0 | D:1      | testman the Formicid Hunter began the quest for the Orb.
     0 | D:1      | Reached XP level 1. HP: 16/16 MP: 1/1
    76 | D:1      | Reached XP level 2. HP: 23/23 MP: 2/2
   344 | D:1      | Reached XP level 3. HP: 29/29 MP: 3/3
   503 | D:1      | Found a faded altar of an unknown god.
   812 | D:2      | Identified the +1 scale mail of Vanity {Fly rElec rN+
                  | Dex+2}
   858 | D:2      | Noticed Robin
   876 | D:2      | Killed Robin
   877 | D:2      | Reached XP level 4. HP: 16/35 MP: 4/4
   885 | D:2      | Reached skill level 1 in Armour
  1895 | D:3      | Noticed Buttons840's ghost (amateur MiBe)
  1921 | D:3      | Found a transporter.
  1925 | D:3      | Found a transporter.
  2010 | D:3      | Found a stormy altar of Qazlal.
  2032 | D:3      | Found a blossoming altar of Fedhas.
  2039 | D:3      | Became a worshipper of Fedhas Madash
  2073 | D:4      | Found an iron altar of Okawaru.
  2097 | D:4      | Noticed a wight
  2194 | D:4      | Killed a wight
  2195 | D:4      | Reached skill level 5 in Ranged Weapons
  2195 | D:4      | Reached skill level 1 in Invocations
  2195 | D:4      | Reached XP level 5. HP: 39/42 MP: 4/6
  2210 | D:3      | HP: 2/42 [orc/+0 flail (4)]
  2216 | D:3      | Reached XP level 6. HP: 21/48 MP: 7/7
  2702 | D:4      | Found a white marble altar of Elyvilon.
  2702 | D:4      | Found a glowing silver altar of Zin.
  2702 | D:4      | Found a glowing golden altar of the Shining One.
  2872 | D:4      | Found a staircase to the Ecumenical Temple.
  3360 | D:4      | Noticed an ogre
  3426 | D:4      | You are sucked into a shaft and drop 2 floors!
  3657 | D:6      | Reached skill level 1 in Shields
  3657 | D:6      | Reached XP level 7. HP: 19/49 MP: 9/9
  3878 | D:6      | Reached skill level 5 in Fighting
  3946 | D:5      | Entered Level 5 of the Dungeon
  4137 | D:5      | Reached * piety under Fedhas
  4367 | D:4      | Reached XP level 8. HP: 30/63 MP: 9/11
  4369 | D:4      | HP: 3/63 [ogre/+0 giant spiked club (20)]
  5231 | D:5      | Reached skill level 5 in Invocations
  5442 | D:5      | Found Fuottyopt's Vocational Training.
  5551 | D:6      | Found a burning altar of Makhleb.
  5806 | D:6      | Reached ** piety under Fedhas
  5895 | D:6      | Reached XP level 9. HP: 69/69 MP: 12/12
  5953 | D:6      | Found Luozagea's Distillery.
  5962 | D:6      | Bought a potion of curing for 42 gold pieces
  5990 | D:6      | Reached skill level 5 in Shields
  6188 | D:6      | Noticed Blork the orc
  6205 | D:6      | Killed Blork the orc
  7632 | D:7      | Reached skill level 5 in Armour
  7950 | D:7      | Noticed Maggie
  7964 | D:7      | Killed Maggie
  8183 | D:7      | Reached XP level 10. HP: 79/79 MP: 15/15
  8261 | D:7      | Noticed Menkaure
  8278 | D:7      | Killed Menkaure
 10152 | D:8      | Reached *** piety under Fedhas
 11876 | D:8      | Found a staircase to the Lair.
 11949 | D:8      | Found a basalt altar of Yredelemnul.
 11967 | D:8      | Reached XP level 11. HP: 80/87 MP: 17/17
 12822 | D:8      | Reached **** piety under Fedhas
 13976 | D:9      | Found a runed translucent door.
 13983 | D:9      | Noticed Balder's ghost (novice MiFi)
 14090 | D:9      | Found a staircase to the Orcish Mines.
 14504 | D:8      | Slain by a wyvern

Illustrated notes

Levels and vault maps discovered:
D:1:      minmay_arrival_four_circles, layout_loops_ring,
          ebering_ecumenical_altar_sacrificial
D:2:      layout_basic, uniq_robin
D:3:      layout_rooms, grunt_temple_overflow_forces_of_nature,
          gammafunk_ghost_arena, grunt_ministairs_14,
          minmay_misc_feat_secret_circle, dreamdust_mushroom_princess
D:4:      layout_basic, good_gods_mini_temple, okawaru_ov_weapons_minmay,
          minmay_temple_entry_slanted
D:5:      layout_cave_pods, nicolae_shop_vocational
D:6:      layout_layer_cave, mainiacjoe_overflow_surrounded_room, serial_shops,
          shop, minmay_increasing_density, uniq_blork_the_orc
D:7:      layout_basic, uniq_menkaure, uniq_maggie
D:8:      minmay_distorted_concentric_squares, layout_basic,
          mainiacjoe_overflow_small_starburst, david_lair_generic
D:9:      layout_rooms, kiku_gazebo_pond_becter,
          kennysheep_orc_monster_closet_entryway, gammafunk_ghost_grave

Skill      XL: |  1  2  3  4  5  6  7  8  9 10 11 |
---------------+----------------------------------+-----
Fighting       | 3 4 5 6 7 8 9 |  9.0
Armour         | 1 2 3 5 8 9 |  9.3
Ranged Weapons | 5 6 7 8 9 |  9.0
Invocations    | 1 2 3 4 5 6 8 |  8.8
Shields        | 1 2 4 6 8 |  8.9
Dodging        | |  1.7
Stealth        | |  1.2

Action                   |  1- 3 |  4- 6 |  7- 9 | 10-12 || total
-------------------------+-------+-------+-------+-------++-------
 Fire: Shortbow          |    85 |   175 |   316 |   488 ||  1064
Invok: Wall of Briars    |       |       |     1 |     1 ||     2
 Abil: Shaft Self        |       |     1 |       |       ||     1
  Use: Potion            |       |     1 |     2 |     3 ||     6
       Scroll            |       |       |     6 |     4 ||    10
Armor: Scale mail        |    14 |    55 |    50 |   150 ||   269
       Leather armour    |     3 |       |       |       ||     3
Dodge: Dodged            |    22 |    67 |    88 |   218 ||   395
Block: Buckler           |       |     5 |    70 |   198 ||   273
       Reflection        |       |       |     1 |       ||     1

Table legend: (Time is in decaauts)
 A = Elapsed time spent in this place.
 B = Non-inter-level travel time spent in this place.
 C = Inter-level travel time spent in this place.
 D = Time resting spent in this place.
 E = Time spent auto-exploring this place.
 F = Levels seen in this place.
 G = Mean time per level.
                   A        B        C        D        E       F      G
               +--------+--------+--------+--------+--------+-----+--------+
         Total |  14899 |  14518 |    381 |   4371 |   7718 |   9 | 1655.4 |
       Dungeon |  14899 |  14518 |    381 |   4371 |   7718 |   9 | 1655.4 |
               +--------+--------+--------+--------+--------+-----+--------+

Top non-repeatable levels by time:
     D:7: 4528 daAuts
     D:8: 2577 daAuts
     D:6: 2026 daAuts
     D:4: 1508 daAuts
     D:5: 1053 daAuts
     D:3: 1013 daAuts
     D:2: 887 daAuts
     D:1: 721 daAuts
     D:9: 582 daAuts
